 Dungeon Crawl Stone Soup version 0.20-a0-1122-gb7cbeb9 (webtiles) character file.

409852 kuniqs the Imperceptible (level 22, -2/117 (118) HPs)
             Began as a Spriggan Assassin on May 13, 2017.
             Was the Champion of Okawaru.
             Engulfed by a cloud of foul pestilence (12 damage)
             ... on level 1 of the Depths on May 15, 2017.
             The game lasted 03:19:12 (59535 turns).

kuniqs the Imperceptible (Spriggan Assassin)       Turns: 59535, Time: 03:19:13

HP:   -2/117 (118)  AC: 13    Str:  7    XL:     22   Next: 44%
MP:   40/40         EV: 39    Int: 19    God:    Okawaru [******]
Gold: 2025          SH: 13    Dex: 29    Spells: 7/48 levels left

rFire    + . .     SeeInvis +   C - +9 quick blade (drain)
rCold    . . .     Gourm    .   N - +3 buckler
rNeg     + + .     Faith    .   y - +4 troll leather armour
rPois    .         Spirit   .   F - +2 hat {Int+3}
rElec    .         Reflect  .   L - +1 cloak of the Saviour {Dex+5}
rCorr    +         Harm     .   (gloves unavailable)
MR       +++++     Clarity  +   (boots unavailable)
Stlth    +++++++++.             U - amulet of the Four Winds {rN+ MR+++ Clar}
Regen    0.0/turn               l - ring of Hedonism {rCorr rN+}
MPRegen  0.3/turn               p - ring of protection from fire

@: lethally poisoned (-2 -> -24), non-regenerating, diseased, slowed, quick
A: unfitting armour, see invisible, herbivore 3, speed 3, slow metabolism 2
}: 2/15 runes: serpentine, barnacled
a: Heroism, Finesse, Renounce Religion


You were on level 1 of the Depths.
You worshipped Okawaru.
Okawaru was exalted by your worship.
You were not hungry.

You visited 9 branches of the dungeon, and saw 42 of its levels.
You also visited: Ossuary, Bailey, Volcano and Wizlab.

You collected 4576 gold pieces.
You spent 2551 gold pieces at shops.

Inventory:

Hand Weapons
 e - the +3 rapier of Internal Strife {flame, +Rage +Inv Dex+4}
   (Okawaru gifted it to you on level 15 of the Dungeon)

   It has been specially enchanted to burn those struck by it, causing extra
   injury to most foes and up to half again as much damage against particularly
   susceptible opponents.
   It affects your dexterity (+4).
   It lets you turn invisible.
   It lets you go berserk.
 g - the +4 rapier "Hioqis" {antimagic, rElec Dex+3}
   (You found it on level 4 of the Shoals)

   It reduces the magical energy of the wielder, and disrupts the spells and
   magical abilities of those hit.
   Natural abilities and divine invocations are not affected.
   It affects your dexterity (+3).
   It insulates you from electricity.
 C - a +9 quick blade of draining (weapon)
 Z - a +8 blowgun
Missiles
 z - 24 curare-tipped needles
 B - 57 tomahawks
 P - 10 needles of paralysis
 Q - 22 needles of confusion
 S - 2 throwing nets (quivered)
 T - 20 needles of sleeping
Armour
 y - a +4 troll leather armour (worn)
 D - a +1 cloak of poison resistance
 F - a +2 hat of intelligence (worn)
 L - the +1 cloak of the Saviour (worn) {Dex+5}
   (Okawaru gifted it to you on level 2 of the Vaults)

   It affects your dexterity (+5).
 N - a +3 buckler (worn)
 Y - the +4 skin of Zhor {rC+++}
   (Okawaru gifted it to you on level 4 of the Shoals)

   It renders you almost immune to cold.
Jewellery
 l - the ring of Hedonism (left hand) {rCorr rN+}
   (You took it off a deep elf elementalist on level 3 of the Elven Halls)

   [ring of resist corrosion]

   It protects you from negative energy.
 p - a ring of protection from fire (right hand)
 U - the amulet of the Four Winds (around neck) {rN+ MR+++ Clar}
   (You found it on level 12 of the Dungeon)

   [amulet of nothing]

   It protects you from negative energy.
   It affects your resistance to hostile enchantments.
   It protects you against confusion.
Wands
 j - a wand of acid (8/15)
 o - a wand of paralysis (4/24)
 v - a wand of paralysis (14/24)
 w - a wand of confusion (17/48)
 K - a wand of digging (7/24)
 M - a wand of acid (9/15)
 X - a wand of iceblast (8/15)
Scrolls
 a - 2 scrolls of enchant armour
 c - 4 scrolls of recharging
 h - 18 scrolls of remove curse {@r2}
 m - 3 scrolls of fog
 q - 2 scrolls of magic mapping
 t - a scroll of identify {@r1}
 x - 5 scrolls of fear
 H - 3 scrolls of blinking
 J - 6 scrolls of immolation
 R - 19 scrolls of teleportation
Potions
 b - 5 potions of mutation
 i - 5 potions of resistance
 k - 10 potions of agility
 n - 5 potions of heal wounds
 r - 5 potions of cancellation
 s - 3 potions of berserk rage
 u - a potion of invisibility
 A - 16 potions of curing {@q1}
 G - 6 potions of might
 I - 4 potions of brilliance
 V - 2 potions of haste
Miscellaneous
 E - a box of beasts
 O - a lightning rod (4/4)
 W - 6 sacks of spiders
Comestibles
 d - 23 bread rations
 f - 58 fruits


   Skills:
 + Level 13.0 Fighting
 - Level 10.1 Short Blades
 - Level 12.0 Throwing
 + Level 5.2 Armour
 - Level 20.0 Dodging
 + Level 22.2 Stealth
 - Level 7.3 Shields
 - Level 13.6 Spellcasting
 - Level 2.0 Conjurations
 + Level 12.9 Hexes
 - Level 9.0 Charms
 - Level 4.2 Summonings
 - Level 9.2 Necromancy
 - Level 6.0 Translocations
 + Level 6.4 Ice Magic
 - Level 6.3 Air Magic
 - Level 3.6 Poison Magic
 - Level 10.3 Invocations
 + Level 13.2 Evocations


You had 7 spell levels left.
You knew the following spells:

 Your Spells              Type           Power        Failure   Level  Hunger
a - Cause Fear            Hex            ######....   1%          4    None
b - Confusing Touch       Hex            ######       1%          1    None
c - Apportation           Tloc           #####.       1%          1    None
d - Animate Skeleton      Necr           N/A          1%          1    None
e - Confuse               Hex            ######..     1%          3    None
f - Summon Lightning Spi  Summ/Air       ####....     9%          4    None
g - Animate Dead          Necr           N/A          1%          4    None
h - Regeneration          Chrm/Necr      #####.....   1%          3    None
i - Tukima's Dance        Hex            ######..     1%          3    None
j - Control Undead        Necr           #####.....   1%          4    None
k - Vampiric Draining     Necr           #####.....   1%          3    None
l - Mephitic Cloud        Conj/Pois/Air  ####....     4%          3    None
m - Ozocubu's Armour      Chrm/Ice       #####...     1%          3    None
n - Passage of Golubria   Tloc           N/A          6%          4    None


Dungeon Overview and Level Annotations

Branches:
Dungeon (15/15)            Temple (1/1) D:4            Lair (6/6) D:11
 Shoals (4/4) Lair:2        Snake (4/4) Lair:4        Slime (0/5) Lair:6
    Orc (2/2) D:11            Elf (3/3) Orc:2        Vaults (5/5) D:14
  Crypt (0/3) Vaults:3     Depths (2/5) D:15

Altars:
Ashenzari
Cheibriados
Dithmenos
Elyvilon
Gozag
Hepliaklqana
Kikubaaqudgha
Makhleb
Nemelex Xobeh
Okawaru
Qazlal
Ru
Sif Muna
Trog
Uskayaw
Vehumet
Wu Jian
Xom
Yredelemnul
The Shining One
Jiyva

Shops:
D:4 [   D:7 *   Orc:2 *?==   Elf:2 :   Shoals:2 }   Vaults:2 %

Portals:
Abyss: Depths:1
Pandemonium: Depths:1
Trove: Elf:3 (give +3 storm dragon scales)

Annotations:
Lair:5 exclusion: 4 oklob plants
Shoals:2 1 exclusion
Elf:2 5 runed doors
Elf:3 1 exclusion
Vaults:1 exclusion: obsidian statue
Depths:1 1 exclusion


Innate Abilities, Weirdness & Mutations

You are very small and have problems with some larger weapons.
You are too small for most types of armour.
You have supernaturally acute eyesight. (SInv)
You are a herbivore.
You cover ground extremely quickly.
You need consume almost no food.


Message History

* * * LOW HITPOINT WARNING * * *
You feel sick. The death drake completely misses you.
You hit the death drake but do no damage.
You drain the death drake!
You kill the death drake!
Okawaru accepts your kill.
You are engulfed in dark miasma.
You are lethally poisoned!
You feel your flesh rotting away!
You feel ill.
* * * LOW HITPOINT WARNING * * *
x2 You feel sick.
You feel better.
You are engulfed in dark miasma.
You are poisoned.
You feel your flesh rotting away!
* * * LOW HITPOINT WARNING * * *
x2 You feel very sick.
You feel better.
You are engulfed in dark miasma.
You are poisoned.
You feel your flesh rotting away!
You feel ill.
You die...

(..†...##.....#....##
...................##
.................#..##
.......≈≈.......##...###
....(.....≈.}...####...#
....#..#..≈.(..## ##..##
....#.##..≈...#####....#
.......#.≈≈...†>.#.....#
...##....≈≈.≈≈≈.@.....##
..................##.### ###
#......≈≈≈≈≈≈.....#....###.##
#......≈≈≈≈≈≈.###........#..#
#......≈≈≈≈≈≈..#..≈.........#
#...##.≈≈≈≈≈≈≈..(≈≈..##.....#
.......(....≈≈≈.≈≈≈.........#
..)..##..#...≈..≈≈≈...#..####
≈†...######....≈≈≈≈≈≈...##


There were no monsters in sight!

Vanquished Creatures
  Mennas (Vaults:4)
  Saint Roka (Vaults:2)
  A tentacled monstrosity (Vaults:4)
  2 liches
  2 deep elf blademasters (Elf:3)
  2 deep elf master archers (Elf:3)
  Polyphemus (Shoals:4)
  A tengu reaver (Vaults:4)
  4 sphinxes
  The ghost of kal9871 the Infuser, an adept DrSk of Okawaru (Orc:2)
  Ilsuiw (Shoals:4)
  5 deep elf sorcerers
  9 nagarajas
  A fire giant (Vaults:4)
  4 deep elf elementalists (Elf:3)
  13 vault wardens
  An orc warlord (Orc:2)
  7 very ugly things
  7 stone giants
  7 deep elf demonologists (Elf:3)
  3 entropy weavers
  Nessos (Lair:5)
  14 ironheart preservers
  A vampire knight (Vaults:3)
  A dire elephant (D:15)
  7 deep elf annihilators (Elf:3)
  A red draconian (Volcano)
  7 ettins
  Snorg (Orc:1)
  6 merfolk javelineers
  8 deep elf death magi
  17 merfolk impalers
  3 fire dragons
  7 yaktaur captains
  2 rakshasas
  3 great orbs of eyes
  13 hydras
  2 deep elf high priests (Elf:3)
  An ice dragon (Vaults:3)
  17 naga warriors
  13 vault guards
  7 anacondas
  2 merfolk avatars
  A hell beast (Elf:1)
  14 ogre magi
  42 two-headed ogres
  5 catoblepae
  11 centaur warriors
  2 alligator snapping turtles (Shoals:4)
  3 merfolk aquamancers
  4 deep troll earth magi
  9 dancing weapons
  18 death yaks
  2 tengu warriors
  14 naga sharpshooters
  4 deep troll shamans
  3 satyrs
  An orc high priest (Orc:2)
  8 shock serpents
  The ghost of Xoff the Fighter, a novice GrFi of Okawaru (Lair:1)
  15 deep elf knights
  4 shadow wraiths
  8 skeletal warriors
  A fire crab (Lair:6)
  6 salamander mystics
  2 iron trolls (Depths:1)
  A flayed ghost (Vaults:3)
  6 unseen horrors
  13 sea snakes
  A death drake (Depths:1)
  22 deep trolls
  9 naga ritualists
  A glowing orange brain (shapeshifter) (D:14)
  A glowing orange brain (Depths:1)
  18 deep elf archers
  4 wizards
  4 necromancers
  17 orc knights
  7 ironbrand convokers
  4 lindwurms (D:12)
  23 ugly things
  2 phantasmal warriors (Vaults:3)
  5 mana vipers
  8 fauns
  9 harpies
  5 orc sorcerers
  28 manticores
  2 oklob plants
  6 cyclopes
  2 wolf spiders
  46 deep elf magi
  11 elephants
  25 salamanders
  12 vault sentinels
  4 guardian serpents
  2 black mambas (shapeshifter)
  25 naga magi
  30 black mambas
  7 merfolk sirens
  Joseph (D:10)
  A centaur zombie (D:14)
  4 water nymphs
  2 gargoyles
  A spiny frog (shapeshifter) (Vaults:3)
  2 rime drakes
  6 spiny frogs
  5 komodo dragons
  7 freezing wraiths
  35 yaktaurs
  A kobold demonologist (D:12)
  A merfolk (shapeshifter) (Vaults:1)
  3 meliai (D:15)
  3 tengu conjurers (Depths:1)
  A jumping spider (Vaults:4)
  12 trolls
  A wind drake (shapeshifter) (Vaults:3)
  A tengu simulacrum (Vaults:1)
  A queen bee (D:10)
  A queen bee (shapeshifter) (Vaults:4)
  9 wind drakes
  25 slime creatures
  A hornet (Vaults:4)
  30 merfolk
  Grinder (D:6)
  12 blink frogs
  7 hippogriffs
  10 dream sheep
  5 snapping turtles
  A snapping turtle (shapeshifter) (Vaults:4)
  A frost giant simulacrum (Vaults:2)
  A hippogriff (shapeshifter) (D:13)
  A centaur simulacrum (D:14)
  3 air elementals
  A shadow (Depths:1)
  A tarantella (shapeshifter) (D:15)
  A vampire (D:14)
  9 redbacks
  16 water elementals
  A wraith (Depths:1)
  7 basilisks
  A hog (shapeshifter) (D:15)
  A human (D:8)
  3 wyverns
  50 yaks
  7 fire elementals
  A golden eye (shapeshifter) (D:14)
  4 hogs (D:8)
  Eustachio (D:5)
  4 hungry ghosts
  A steam dragon (D:14)
  5 vampire mosquitoes
  5 wargs
  A swamp worm (shapeshifter) (Vaults:1)
  A harpy simulacrum (D:14)
  9 water moccasins
  5 large abominations (Elf:1)
  4 acid dragons
  The ghost of salapander the Skirmisher, an amateur VSFi (Ossuary)
  12 hell hounds
  44 nagas
  A soldier ant (shapeshifter) (Vaults:4)
  A water moccasin (shapeshifter) (Vaults:4)
  10 porcupines
  9 sky beasts
  46 orc warriors
  A necrophage (D:4)
  3 black bears
  An eye of draining (D:13)
  An ettin simulacrum (Vaults:4)
  43 ogres
  4 phantoms
  4 boggarts (Vaults:1)
  8 wolves
  19 centaurs
  2 elf zombies (Elf:1)
  8 big kobolds
  13 crocodiles
  17 bullfrogs
  4 earth elementals
  4 water moccasin zombies (Ossuary)
  An elf skeleton (D:7)
  5 scorpions
  34 killer bees
  11 wights
  A howler monkey (D:9)
  A vampire bat (Lair:3)
  2 bullfrog zombies
  An electric eel (D:14)
  7 crimson imps
  2 human zombies
  6 jellies
  A bullfrog skeleton (D:8)
  17 orc priests
  5 hounds
  Crazy Yiuf (D:6)
  4 centaur skeletons
  3 human skeletons
  4 iguanas
  19 orc wizards
  14 worker ants
  A killer bee zombie (D:3)
  3 big kobold zombies (Ossuary)
  A hound zombie (D:10)
  A hound skeleton (D:6)
  2 mummies (Ossuary)
  A howler monkey skeleton (D:8)
  10 adders
  11 gnolls
  4 shadow imps
  2 oozes
  6 adder zombies
  2 adder skeletons
  6 worms
  A dart slug (D:1)
  2 leopard geckos
  89 orcs
  8 ball pythons (D:2)
  5 giant cockroaches
  4 gnoll zombies (Ossuary)
  7 goblins
  16 hobgoblins
  14 jackals
  A quokka (D:12)
  14 bats
  7 frilled lizards
  5 hobgoblin zombies (Ossuary)
  30 kobolds
  5 kobold zombies (Ossuary)
  A leopard gecko zombie (D:3)
  An orc skeleton (D:7)
  5 orc zombies
  A rat (D:1)
  A butterfly (Lair:2)
  2 crawling corpses (Elf:2)
  3 plants (Shoals:4)
1748 creatures vanquished.

Vanquished Creatures (collateral kills)
  A water moccasin (Lair:2)
1 creature vanquished.

Vanquished Creatures (others)
  A two-headed ogre (Vaults:4)
  A dancing weapon (Snake:1)
  A water elemental (Shoals:3)
  2 fungi
  24 plants
  4 tentacles (Shoals:2)
33 creatures vanquished.

Grand Total: 1782 creatures vanquished

Notes
Turn   | Place    | Note
-------+----------+-------------------------------------------
     0 | D:1      | kuniqs the Spriggan Assassin began the quest for the Orb.
     0 | D:1      | Reached XP level 1. HP: 10/10 MP: 2/2
    40 | D:1      | Reached skill level 6 in Stealth
   208 | D:1      | Reached XP level 2. HP: 11/15 MP: 3/3
   535 | D:1      | Reached XP level 3. HP: 17/18 MP: 4/4
  1575 | D:2      | Reached XP level 4. HP: 10/23 MP: 5/5
  2658 | D:3      | Found an ornate altar of the Wu Jian Council.
  2658 | D:3      | Found a hazy altar of Hepliaklqana.
  2663 | D:3      | Found a shattered altar of Ashenzari.
  2665 | D:3      | Found an ancient bone altar of Kikubaaqudgha.
  2667 | D:3      | Found a sacrificial altar of Ru.
  2770 | D:3      | Found a glowing golden altar of the Shining One.
  2912 | D:3      | Reached XP level 5. HP: 22/27 MP: 6/6
  3414 | D:3      | Found a sparkling altar of Nemelex Xobeh.
  3692 | D:4      | Reached skill level 7 in Stealth
  3824 | D:4      | Noticed an ogre
  3829 | D:4      | Noticed an ogre
  3951 | D:4      | Killed an ogre
  3951 | D:4      | Reached XP level 6. HP: 32/32 MP: 7/7
  4107 | D:4      | Reached skill level 8 in Stealth
  4318 | D:4      | Reached XP level 7. HP: 25/36 MP: 8/8
  4442 | D:4      | Found a staircase to the Ecumenical Temple.
  4453 | Temple   | Entered the Ecumenical Temple
  4664 | Temple   | Became a worshipper of Warmaster Okawaru
  4953 | D:4      | Found Tiatus's Armour Shoppe.
  4974 | D:4      | Reached skill level 5 in Dodging
  5200 | D:5      | Entered Level 5 of the Dungeon
  5611 | D:5      | Noticed Eustachio
  5649 | D:5      | Killed Eustachio
  5649 | D:5      | Reached * piety under Okawaru
  5852 | D:5      | Reached XP level 8. HP: 40/40 MP: 9/9
  5980 | D:5      | Reached skill level 9 in Stealth
  6592 | D:6      | Noticed Grinder
  6647 | D:6      | Paralysed by Grinder for 6 turns
  6654 | D:6      | Killed Grinder
  6654 | D:6      | Reached skill level 5 in Short Blades
  6654 | D:6      | Reached skill level 5 in Throwing
  6654 | D:6      | Reached skill level 1 in Invocations
  6996 | D:6      | Found a runed door.
  7000 | D:6      | Noticed Crazy Yiuf
  7014 | D:6      | Killed Crazy Yiuf
  7014 | D:6      | Reached ** piety under Okawaru
  7548 | D:6      | Reached skill level 10 in Stealth
  7831 | D:6      | Reached XP level 9. HP: 38/45 MP: 11/11
  8053 | D:6      | Found a burning altar of Makhleb.
  8394 | D:7      | Found an opulent altar of Gozag.
  8431 | D:7      | Found Copros's Assorted Antiques.
  8494 | D:7      | Reached *** piety under Okawaru
  8496 | D:7      | Found a hide-covered altar of Uskayaw.
  8507 | D:7      | You fall through a shaft for 2 floors!
  8868 | D:7      | You fall through a shaft for 3 floors!
  8868 | D:10     | Entered Level 10 of the Dungeon
  8872 | D:10     | Noticed an unseen horror
  9062 | D:7      | Found a sand-covered staircase.
  9082 | Ossuary  | Entered an ossuary
  9098 | Ossuary  | Noticed salapander's ghost (amateur VSFi)
  9119 | Ossuary  | Killed salapander's ghost
  9588 | D:7      | Reached skill level 11 in Stealth
 10028 | D:7      | Learned a level 4 spell: Summon Lightning Spire
 10044 | D:7      | Received a gift from Okawaru
 10194 | D:8      | Noticed a two-headed ogre
 10201 | D:8      | Killed a two-headed ogre
 10201 | D:8      | Reached **** piety under Okawaru
 10201 | D:8      | Received a gift from Okawaru
 10201 | D:8      | Reached skill level 5 in Fighting
 10201 | D:8      | Reached XP level 10. HP: 51/51 MP: 14/14
 10354 | D:8      | Noticed a two-headed ogre
 10360 | D:8      | Killed a two-headed ogre
 10816 | D:8      | Reached ***** piety under Okawaru
 10816 | D:8      | Reached skill level 12 in Stealth
 11003 | D:8      | Reached skill level 5 in Invocations
 11032 | D:8      | Received a gift from Okawaru
 11086 | D:8      | Got a brightly glowing flail
 11087 | D:8      | Identified the cursed +0 flail of Red Wine {crush, rN+ Stlth+} (You found it on level 8 of the Dungeon)
 11320 | D:8      | Found a bloodstained altar of Trog.
 11540 | D:9      | Reached skill level 10 in Dodging
 12205 | D:10     | Received a gift from Okawaru
 12308 | D:10     | Noticed Joseph
 12310 | D:10     | Killed Joseph
 12333 | D:10     | Reached XP level 11. HP: 53/56 MP: 16/16
 12373 | D:10     | Received a gift from Okawaru
 12405 | D:10     | Killed an unseen horror
 12405 | D:10     | Received a gift from Okawaru
 12524 | D:10     | Received a gift from Okawaru
 12833 | D:10     | Reached skill level 13 in Stealth
 13278 | D:11     | Found a staircase to the Orcish Mines.
 13355 | D:11     | Received a gift from Okawaru
 13697 | D:11     | Learned a level 4 spell: Cause Fear
 13929 | D:11     | Reached skill level 1 in Spellcasting
 13963 | D:11     | Found a staircase to the Lair.
 14018 | D:11     | Reached skill level 1 in Hexes
 14121 | D:11     | Received a gift from Okawaru
 14594 | D:12     | Noticed Sonja
 14602 | D:12     | Noticed Sonja
 14602 | D:12     | Sonja changed into Sonja the black bear
 14603 | D:12     | Noticed a two-headed ogre
 14613 | D:12     | Killed Sonja the black bear
 14660 | D:12     | Killed a two-headed ogre
 14739 | D:12     | Noticed a two-headed ogre
 14741 | D:12     | Killed a two-headed ogre
 14755 | D:12     | Noticed a white ugly thing
 14831 | D:12     | Reached XP level 12. HP: 62/62 MP: 18/18
 15038 | D:12     | Noticed a two-headed ogre
 15076 | D:12     | Killed a two-headed ogre
 15728 | D:12     | Reached skill level 14 in Stealth
 15757 | D:12     | Received a gift from Okawaru
 15795 | D:12     | Identified the Guide on Curses
 15981 | D:13     | Found a flagged portal.
 15990 | Bailey   | Entered a bailey
 16097 | Bailey   | Found an iron altar of Okawaru.
 16149 | Bailey   | Received a gift from Okawaru
 16156 | Bailey   | Got an ichor-stained robe {god gift}
 16284 | Bailey   | Reached ****** piety under Okawaru
 16284 | Bailey   | Reached skill level 5 in Hexes
 16509 | Bailey   | Identified the +1 robe "Viedgh" {+Inv rElec MR- SInv} (Okawaru gifted it to you in a bailey)
 16511 | Bailey   | Identified Hiadghaoll's Grimoire of the Escort
 16724 | Bailey   | Reached skill level 1 in Evocations
 17253 | D:13     | Learned a level 1 spell: Confusing Touch
 17273 | D:13     | Learned a level 1 spell: Apportation
 17275 | D:13     | Learned a level 1 spell: Animate Skeleton
 17510 | D:13     | Reached XP level 13. HP: 67/67 MP: 20/20
 17875 | Lair:1   | Entered Level 1 of the Lair of Beasts
 17896 | Lair:1   | Noticed Xoff's ghost (novice GrFi)
 17910 | Lair:1   | Killed Xoff's ghost
 18934 | Lair:2   | Found a dark tunnel.
 18963 | Volcano  | Entered a volcano
 18991 | Volcano  | Reached skill level 1 in Shields
 19010 | Volcano  | Received a gift from Okawaru
 19010 | Volcano  | Reached skill level 10 in Short Blades
 19010 | Volcano  | Reached skill level 5 in Spellcasting
 19055 | Volcano  | Noticed a red draconian
 19057 | Volcano  | Killed a red draconian
 19060 | Volcano  | Reached skill level 15 in Stealth
 19113 | Volcano  | Received a gift from Okawaru
 19314 | Lair:2   | Found a staircase to the Shoals.
 19334 | Lair:2   | Learned a level 3 spell: Confuse
 19497 | Lair:2   | Found a white marble altar of Elyvilon.
 19504 | Lair:2   | Reached skill level 1 in Translocations
 20185 | Lair:3   | Learned a level 4 spell: Animate Dead
 20189 | Lair:3   | Learned a level 3 spell: Regeneration
 21348 | Lair:4   | Reached skill level 1 in Necromancy
 21348 | Lair:4   | Reached skill level 5 in Evocations
 21441 | Lair:4   | Found a staircase to the Snake Pit.
 22285 | Lair:5   | Noticed Nessos
 22289 | Lair:5   | Reached skill level 10 in Throwing
 22347 | Lair:5   | Reached XP level 14. HP: 72/72 MP: 23/23
 22382 | Lair:5   | Killed Nessos
 22382 | Lair:5   | Received a gift from Okawaru
 23031 | Lair:6   | Entered Level 6 of the Lair of Beasts
 23572 | Lair:6   | Received a gift from Okawaru
 23992 | Lair:6   | Found a viscous altar of Jiyva.
 23993 | Lair:6   | Found a staircase to the Slime Pits.
 24350 | Lair:6   | Reached skill level 16 in Stealth
 24388 | Lair:6   | Reached skill level 5 in Translocations
 24805 | Orc:1    | Entered Level 1 of the Orcish Mines
 25016 | Orc:1    | Noticed Snorg
 25049 | Orc:1    | Killed Snorg
 25452 | Orc:2    | Entered Level 2 of the Orcish Mines
 25456 | Orc:2    | Noticed kal9871's ghost (adept DrSk)
 25488 | Orc:2    | Killed kal9871's ghost
 25488 | Orc:2    | Reached XP level 15. HP: 54/77 MP: 24/27
 25700 | Orc:2    | Noticed an orc warlord
 25702 | Orc:2    | Killed an orc warlord
 25723 | Orc:2    | Received a gift from Okawaru
 26087 | Orc:2    | Found a staircase to the Elven Halls.
 26211 | Orc:2    | Received a gift from Okawaru
 26822 | Orc:2    | Found Wuogi's Magic Scroll Shop.
 26822 | Orc:2    | Found Cown's Assorted Antiques.
 26823 | Orc:2    | Found Vour's Jewellery Shoppe.
 26823 | Orc:2    | Found Gittink's Jewellery Shop.
 26859 | Orc:2    | Bought a scroll of enchant weapon for 135 gold pieces
 26859 | Orc:2    | Bought a scroll of enchant weapon for 135 gold pieces
 26861 | Orc:2    | Bought a scroll of blinking for 135 gold pieces
 26861 | Orc:2    | Bought a scroll of teleportation for 54 gold pieces
 26861 | Orc:2    | Bought a scroll of teleportation for 54 gold pieces
 26992 | Orc:2    | Identified the +2 scimitar "Murmur" {slice, *Noise rPois rN++ Dex+3} (You found it on level 2 of the Orcish Mines)
 27156 | Orc:2    | Bought a scroll of acquirement for 1456 gold pieces
 27485 | D:14     | Found a gate to the Vaults.
 27702 | D:14     | Received a gift from Okawaru
 27720 | D:14     | Got a heavy robe {god gift}
 27767 | D:14     | Identified the +3 robe of Iptak {rElec MR+++ Int-3} (Okawaru gifted it to you on level 14 of the Dungeon)
 28588 | D:15     | Entered Level 15 of the Dungeon
 28917 | D:15     | Reached skill level 10 in Invocations
 29027 | D:15     | Learned a level 3 spell: Tukima's Dance
 29032 | D:15     | Learned a level 4 spell: Control Undead
 29036 | D:15     | Learned a level 3 spell: Vampiric Draining
 29106 | D:15     | Reached XP level 16. HP: 83/83 MP: 29/29
 29207 | D:15     | Reached skill level 5 in Necromancy
 29972 | D:15     | Received a gift from Okawaru
 29979 | D:15     | Found a staircase to the Depths.
 30110 | D:13     | Received a gift from Okawaru
 30213 | Shoals:1 | Entered Level 1 of the Shoals
 30873 | Shoals:2 | Found Erap's Gadget Boutique.
 31032 | Shoals:2 | Reached skill level 10 in Hexes
 31079 | Shoals:2 | Found a stormy altar of Qazlal.
 31084 | Shoals:2 | Noticed a kraken
 31509 | Shoals:2 | Received a gift from Okawaru
 31509 | Shoals:2 | Reached skill level 15 in Dodging
 31871 | Shoals:4 | Entered Level 4 of the Shoals
 31936 | Shoals:4 | Reached skill level 17 in Stealth
 32924 | Shoals:2 | Received a gift from Okawaru
 33065 | Shoals:3 | Reached skill level 5 in Shields
 33212 | Shoals:4 | Reached skill level 10 in Spellcasting
 33695 | Shoals:4 | Received a gift from Okawaru
 33778 | Shoals:4 | NOOO
 33799 | Shoals:4 | Got a shimmering rapier
 33800 | Shoals:4 | Identified the +4 rapier "Hioqis" {antimagic, rElec Dex+3} (You found it on level 4 of the Shoals)
 33828 | Shoals:4 | Reached XP level 17. HP: 84/88 MP: 13/32
 33833 | Shoals:4 | Identified the Collected Works on Floating Intoxication
 33874 | Shoals:4 | Noticed Polyphemus
 34113 | Shoals:4 | Received a gift from Okawaru
 34114 | Shoals:4 | HM
 34175 | Shoals:4 | Killed Polyphemus
 34575 | Shoals:4 | Reached skill level 10 in Evocations
 34578 | Shoals:4 | Got a barnacled rune of Zot
 34727 | Shoals:4 | Noticed Ilsuiw
 35262 | Shoals:4 | Killed Ilsuiw
 35590 | Shoals:4 | Reached skill level 18 in Stealth
 35947 | Snake:1  | Entered Level 1 of the Snake Pit
 36713 | Snake:1  | Learned a level 3 spell: Mephitic Cloud
 36990 | Snake:1  | Received a gift from Okawaru
 36990 | Snake:1  | Reached skill level 10 in Fighting
 36996 | Snake:1  | Got a twisted robe {god gift}
 37007 | Snake:1  | Identified the +1 robe of Bitterness {Str+4} (Okawaru gifted it to you on level 1 of the Snake Pit)
 37070 | Snake:2  | Reached skill level 1 in Poison Magic
 37073 | Snake:2  | Reached skill level 1 in Air Magic
 37239 | Snake:2  | NOPE
 38057 | Snake:2  | Found a stormy altar of Qazlal.
 38540 | Snake:2  | Reached XP level 18. HP: 71/94 MP: 19/34
 38600 | Snake:2  | Received a gift from Okawaru
 39122 | Snake:3  | Identified the +10 plate armour of Juca Wuisk {rN+ Regen+ Int-2 Stlth+} (You found it on level 3 of the Snake Pit)
 39123 | Snake:3  | ARGH
 39585 | Snake:4  | Entered Level 4 of the Snake Pit
 39906 | Snake:4  | ACHOO!
 40181 | Snake:4  | Learned a level 3 spell: Ozocubu's Armour
 40437 | Snake:4  | Reached skill level 1 in Ice Magic
 40526 | Snake:4  | Reached skill level 1 in Charms
 40888 | Snake:4  | Reached skill level 1 in Conjurations
 41279 | Snake:4  | Received a gift from Okawaru
 42713 | Snake:4  | Received a gift from Okawaru
 42762 | Snake:4  | Got a serpentine rune of Zot
 43106 | Snake:4  | Received a gift from Okawaru
 43473 | Elf:1    | Entered Level 1 of the Elven Halls
 43530 | Elf:1    | Was placed under penance by Okawaru
 43531 | Elf:1    | OOPS
 43599 | Elf:1    | Reached skill level 19 in Stealth
 44196 | Elf:1    | Reached XP level 19. HP: 99/99 MP: 36/36
 44296 | Elf:1    | Was forgiven by Okawaru
 44754 | Elf:2    | Found a huge runed gate.
 44754 | Elf:2    | Found a huge runed gate.
 44754 | Elf:2    | Found a huge runed gate.
 44755 | Elf:2    | Found a huge runed gate.
 44756 | Elf:2    | Found a huge runed gate.
 45386 | Elf:2    | Found Fabeiklu's Book Shop.
 45561 | Elf:3    | Entered Level 3 of the Elven Halls
 45586 | Elf:3    | Found a magical portal.
 45595 | WizLab   | Entered The Hall of the Hellbinder
 45748 | Elf:3    | Found a portal to a secret trove of treasure.
 45822 | Elf:3    | Reached skill level 5 in Charms
 45923 | Elf:3    | Found a deep blue altar of Sif Muna.
 46702 | Shoals:2 | Bought a wand of digging (9/24) for 442 gold pieces
 47139 | Elf:3    | Received a gift from Okawaru
 47760 | Elf:3    | Received a gift from Okawaru
 48685 | Elf:3    | Reached XP level 20. HP: 105/105 MP: 34/38
 48744 | Elf:3    | Reached skill level 20 in Stealth
 48985 | Elf:3    | Learned a level 4 spell: Passage of Golubria
 48986 | Elf:3    | Identified Tougad's Handbook of Supportive Dislocation
 49106 | Elf:3    | Identified the ring of Hedonism {rCorr rN+} (You took it off a deep elf elementalist on level 3 of the Elven Halls)
 49248 | Elf:3    | ALL OF THIS FOR SOME SPIDER SACKS
 49368 | Orc:2    | Bought a potion of heal wounds for 140 gold pieces
 49499 | Vaults:1 | Entered Level 1 of the Vaults
 49528 | D:14     | Received a gift from Okawaru
 49681 | D:14     | Received a gift from Okawaru
 50082 | Vaults:1 | Received a gift from Okawaru
 50262 | Vaults:1 | Found a sacrificial altar of Ru.
 50448 | Vaults:1 | Reached skill level 1 in Summonings
 50656 | Vaults:1 | Received a gift from Okawaru
 52054 | Vaults:1 | Reached skill level 1 in Armour
 52776 | Vaults:2 | Reached skill level 5 in Air Magic
 53232 | Vaults:2 | Received a gift from Okawaru
 53296 | Vaults:2 | Identified the +1 cloak of the Saviour {Dex+5} (Okawaru gifted it to you on level 2 of the Vaults)
 53822 | Vaults:2 | Reached XP level 21. HP: 111/111 MP: 18/39
 54155 | Vaults:2 | Found Dojepaoq's Food Shoppe.
 54426 | Vaults:3 | Noticed Saint Roka
 54591 | Vaults:2 | Killed Saint Roka
 54591 | Vaults:2 | Reached skill level 21 in Stealth
 55211 | Vaults:3 | Found a staircase to the Crypt.
 55637 | Vaults:3 | Reached skill level 5 in Ice Magic
 55830 | Vaults:3 | Received a gift from Okawaru
 55920 | Vaults:3 | Received a gift from Okawaru
 56518 | Vaults:4 | Noticed Mennas
 56522 | Vaults:4 | Killed Mennas
 57400 | Vaults:4 | Reached XP level 22. HP: 78/116 MP: 33/40
 57667 | Vaults:4 | Received a gift from Okawaru
 58073 | Vaults:5 | Entered Level 5 of the Vaults
 58231 | Depths:1 | Entered Level 1 of the Depths
 58358 | D:15     | Reached skill level 22 in Stealth
 58382 | D:15     | Received a gift from Okawaru
 58407 | D:15     | Got a brightly glowing rapier {god gift}
 58408 | D:15     | Identified the +3 rapier of Internal Strife {flame, +Rage +Inv Dex+4} (Okawaru gifted it to you on level 15 of the Dungeon)
 58646 | Depths:1 | Found a one-way gate leading to the halls of Pandemonium.
 58878 | Depths:1 | Reached skill level 5 in Armour
 58888 | Depths:1 | Found a one-way gate to the infinite horrors of the Abyss.
 59483 | Depths:2 | Received a gift from Okawaru
 59534 | Depths:1 | HP: 4/117 [something (16)]
 59535 | Depths:1 | Engulfed by a cloud of foul pestilence

Vault maps used:
D:1:      lightli_arrival_noodles, st_stairs_8
D:2:      minmay_shallow_snake_nest
D:3:      tso_altar, chequers_temple_overflow_minitemple, first_bread,
          nemelex_diamond_rough_becter
D:4:      minmay_temple_entry_glassed_door, serial_shops, kennysheep_little_box
D:5:      uniq_eustachio
D:6:      lemuel_doored_altar, minivault_25, uniq_grinder,
          uniq_crazy_yiuf_cottage
D:7:      kennysheep_mini_moat, grunt_gozag_breadcrumbs, serial_shops,
          nicolae_shop_overgrown_old_shop, nicolae_ossuary_entry_catacombs
D:8:      nicolae_overflow_hidden_temple, grunt_livestock
D:10:     special_room, uniq_joseph
D:11:     grunt_lair_entry_orc_guard_hut, david_orc_3
D:12:     minmay_lindwurm_lava, uniq_sonja
D:13:     enter_bailey_2, elves_outpost_lemuel
D:14:     lightli_vaults_fourway_checkpoint, portal_ice_cave_entry_pillars_1,
          nrook_pool_corridor
D:15:     hangedman_depths_entry_try_elsewhere_first, minmay_misc_feat_iff,
          abandoned_shop
Temple:   minmay_temple_forest_path
Lair:1:   beast_lair_carwin_5
Lair:2:   minmay_shoals_entry_centaurs, enter_volcano_1,
          small_statue_intersection, lemuel_oklob_altar, lemuel_fruit_fields
Lair:3:   roderic_batcave
Lair:4:   dummy_snake_entry
Lair:5:   grunt_megastairs_1, minmay_lair_oklob_chamber, lemuel_fruit_tree,
          uniq_nessos
Lair:6:   evilmike_catoblepas_cave, slime_altar_1
Shoals:2: serial_shops, nicolae_shop_stone, wheals_shoals_ruined_temple
Shoals:3: cheibrodos_shoals_roost, nicolae_shoals_circle_sea_wall, ldierk_geyser
Shoals:4: shoals_end_simple, shoals_ilsuiw_alternative, kb_tengu_band,
          uniq_polyphemus, uniq_ilsuiw
Snake:1:  dpeg_oklob_gauntlet, grunt_ministairs_9
Snake:2:  basic_altar, grunt_megastairs_2
Snake:3:  basic_loot_grate_trap, nicolae_snake_linked_coils,
          guppyfry_snake_island
Snake:4:  snake_pit
Orc:1:    uniq_snorg
Orc:2:    st_orc_ogre_mass, elf_legates
Elf:1:    minmay_elf_necromancy
Elf:2:    serial_shops, nicolae_shop_crystal, st_stairs_1
Elf:3:    minmay_elf_hall_quartered_circle, mu_enter_wizlab_5,
          nicolae_trove_entry_free_sample, special_room, lemuel_statue_altar
Vaults:1: nicolae_vaults_little_ls, nicolae_vaults_triangles,
          dpeg_vaults_monster_row, vaults_standard_mumra_x,
          hangedman_vaults_stretched_pinwheel,
          vaults_standard_mumra_enter_the_diamond, vaults_mumra_hex,
          vaults_room_semicircle, nicolae_vaults_shelves_hall,
          nicolae_vaults_statue_guard, hangedman_vaults_maws, basic_altar
Vaults:2: v_misc_4, vaults_room_fours, hangedman_vaults_maws,
          grunt_vaults_hallway_short, v_misc_4, nicolae_vaults_little_squares_3,
          hangedman_vaults_stream, v_rooms_5, nicolae_vaults_shelves_hall,
          st_octagons_1, nicolae_vaults_gold_heap, ontoclasm_vaults_ligature,
          ontoclasm_vaults_gateway, nicolae_vaults_ring_of_whatevers,
          vaults_room_door_ring, serial_ice_m, serial_shops, shop
Vaults:3: nicolae_vaults_shelves_hall, hangedman_vaults_hat,
          ontoclasm_vaults_chip, nicolae_vaults_network_periphery,
          hangedman_vaults_slice, nicolae_vaults_circle_grid_b, stair_cage_open,
          vaults_room_door_ring, minmay_crypt_entry_simple_plaza, v_misc_1,
          nicolae_vaults_network_barrier, vaults_room_pool,
          nicolae_vaults_rhombus_7, vaults_room_hallway,
          vaults_room_stairs_pillars, uniq_saint_roka
Vaults:4: vaults_mumra_hexcomb, nicolae_vaults_big_angled_halls,
          v_alt_pattern_4, hangedman_vaults_trim,
          nicolae_vaults_diagonal_hallway_9, v_rooms_5, vaults_room_pool,
          vaults_room_fours, vaults_room_stairs_pillars,
          nicolae_vaults_three_branches, vaults_room_pool,
          ontoclasm_vaults_gallery, serial_ice_m, uniq_mennas
Depths:1: hellmouth_1, abyss_entry, pan_entry, solitary_fountain
Depths:2: lemuel_river_lethe, pan_entry, hell_entry, abyss_entry
Ossuary:  ossuary_tomb_2
Bailey:   bailey_axe_of_yendor_kennysheep, bailey
Volcano:  volcano_pools
WizLab:   wizlab_demon

Skill      XL: |  1  2  3  4  5  6  7  8  9 10 11 12 13 14 15 16 17 18 19 20 21 22 |
---------------+-------------------------------------------------------------------+-----
Stealth        | 6 7 8 10 11 12 13 14 15 16 17 18 19 20 21 22 | 22.2
Dodging        | 2 3 4 5 7 8 10 11 12 13 14 15 16 17 18 19 20 | 20.0
Fighting       | 2 3 4 5 6 7 8 9 10 11 12 13 | 13.0
Throwing       | 3 4 5 6 7 8 9 10 11 12 | 12.0
Short Blades   | 3 4 5 7 9 10 | 10.1
Invocations    | 2 4 5 7 8 9 10 | 10.3
Spellcasting   | 2 4 5 7 8 10 11 12 13 | 13.6
Hexes          | 3 5 7 8 9 10 11 12 | 12.9
Evocations     | 2 5 6 8 9 10 11 12 13 | 13.2
Shields        | 2 3 4 5 6 7 |  7.3
Translocations | 3 5 6 |  6.0
Necromancy     | 1 3 4 6 7 8 9 |  9.2
Poison Magic   | 2 3 |  3.6
Air Magic      | 2 3 5 6 |  6.3
Ice Magic      | 2 4 5 6 |  6.4
Charms         | 4 8 9 |  9.0
Conjurations   | 2 |  2.0
Summonings     | 3 4 |  4.2
Armour         | 2 4 5 |  5.2

Action                   |  1- 3 |  4- 6 |  7- 9 | 10-12 | 13-15 | 16-18 | 19-21 | 22-24 || total
-------------------------+-------+-------+-------+-------+-------+-------+-------+-------++-------
Melee: Dagger            |   172 |   140 |    26 |       |       |       |       |       ||   338
       Short sword       |       |       |   405 |   843 |   262 |       |       |       ||  1510
       Quarterstaff      |       |       |   115 |    26 |       |       |       |       ||   141
       Lajatang          |       |       |       |     6 |       |       |       |       ||     6
       Quick blade       |       |       |       |    43 |  1991 |  2637 |  2906 |   637 ||  8214
       Unarmed           |       |       |       |       |    22 |    12 |       |     2 ||    36
       Rapier            |       |       |       |       |       |    12 |       |       ||    12
 Fire: Blowgun           |     8 |    48 |    50 |   135 |    55 |    41 |     2 |    11 ||   350
Throw: Tomahawk          |       |       |       |    54 |    11 |    63 |    42 |       ||   170
       Throwing net      |       |       |       |       |       |     4 |       |       ||     4
 Cast: Confusing Touch   |       |       |       |       |    13 |     1 |       |     2 ||    16
       Confuse           |       |       |       |       |    21 |   465 |   280 |    64 ||   830
       Regeneration      |       |       |       |       |       |     5 |     1 |       ||     6
       Tukima's Dance    |       |       |       |       |       |     2 |     1 |       ||     3
       Cause Fear        |       |       |       |       |       |     1 |       |       ||     1
       Animate Dead      |       |       |       |       |       |     1 |       |       ||     1
       Ozocubu's Armour  |       |       |       |       |       |     3 |    23 |     3 ||    29
       Control Undead    |       |       |       |       |       |     1 |       |       ||     1
       Mephitic Cloud    |       |       |       |       |       |       |    62 |       ||    62
Invok: Heroism           |       |       |       |     2 |     1 |       |     1 |       ||     4
 Abil: Evoke Invisibilit |       |       |       |       |     3 |       |     1 |       ||     4
Evoke: Wand              |       |       |       |     4 |       |     1 |    19 |       ||    24
  Use: Scroll            |       |       |     9 |    11 |    20 |    15 |    19 |     2 ||    76
       Potion            |       |       |     1 |     4 |     1 |     3 |     2 |     7 ||    18
 Stab: Sleeping          |     8 |     8 |    36 |    50 |    61 |    69 |    68 |     6 ||   306
       Distracted        |       |     3 |     5 |     7 |    14 |     5 |    11 |     5 ||    50
       Paralysed         |       |       |     1 |     1 |       |       |     1 |       ||     3
       Confused          |       |       |       |     8 |    41 |   213 |   219 |    43 ||   524
       Invisible         |       |       |       |       |    23 |       |     6 |       ||    29
       Held in net/web   |       |       |       |       |       |     3 |       |       ||     3
       Petrified         |       |       |       |       |       |     2 |       |       ||     2
       Betrayed ally     |       |       |       |       |       |     1 |       |       ||     1
  Eat: Royal jelly       |       |     1 |     4 |     2 |     8 |     9 |     1 |     2 ||    27
       Bread ration      |       |       |       |     1 |       |     1 |     2 |       ||     4
Armor: Robe              |    31 |    13 |    47 |    18 |       |       |       |       ||   109
       Troll leather arm |       |       |       |    25 |    54 |    48 |    57 |    16 ||   200
Dodge: Dodged            |   153 |    98 |   476 |   671 |   846 |   931 |   908 |   219 ||  4302
Block: Buckler           |       |       |       |       |   381 |   577 |   601 |   177 ||  1736
